 Dungeon Crawl Stone Soup version 0.30.0-15-g856e2d3f33 (webtiles) character file.

Game seed: 10401999279487547439

425 qw the Chopper (level 6, -1/38 HPs)
             Began as a Gargoyle Fighter on May 21, 2023.
             Slain by an ufetubus (2 damage)
             ... on level 4 of the Dungeon.
             The game lasted 00:01:47 (2960 turns).

qw the Chopper (Gargoyle Fighter)                   Turns: 2960, Time: 00:01:47

Health: -1/38      AC: 14    Str: 22    XL:     6   Next: 96%
Magic:  0/6        EV: 13    Int:  8    God:
Gold:   140        SH:  4    Dex:  9    Spells: 5/5 levels left

rFire   . . .        f - +0 broad axe
rCold   . . .        c - +0 buckler
rNeg    + . .        k - +0 chain mail
rPois   inf          (no helmet)
rElec   +            (no cloak)
rCorr   .            (no gloves)
SInv    .            n - +0 pair of boots
Will    .....        e - amulet of guardian spirit Stlth
                     g - +5 ring of evasion
HPRegen 0.26/turn    (no ring)
MPRegen 0.10/turn

%: guardian spirit
@: weakened
A: sickness immunity, AC +4, negative energy resistance 1, electricity
resistance, torment resistance 1, petrification resistance
a: no special abilities


You were on level 4 of the Dungeon.
You visited 1 branch of the dungeon, and saw 4 of its levels.

You collected 140 gold pieces.


Innate Abilities, Weirdness & Mutations

You are immune to sickness and miasma.
Your stone body is resilient. (AC +4)
You are immune to poison.
You resist negative energy. (rN+)
You are resistant to electric shocks. (rElec)
You are resistant to unholy torment.
You are immune to petrification.


   Skills:
 - Level 4.2 Fighting
 + Level 6.0 Axes
 - Level 3.2 Armour
 - Level 1.0 Dodging
 - Level 3.2 Shields


You had 5 spell levels left.
You didn't know any spells.
Your spell library was empty.

Inventory:

Hand Weapons
 f - a +0 broad axe (weapon)
 m - a +0 morningstar
Armour
 c - a +0 buckler (worn)
 k - a +0 chain mail (worn)
 n - a +0 pair of boots (worn)
Jewellery
 e - an amulet of guardian spirit (around neck)
 g - a +5 ring of evasion (left hand)
Scrolls
 i - a scroll of identify
Potions
 a - a potion of lignification
 d - 2 potions of might
 h - a potion of mutation
 j - a potion of attraction
 l - a potion of resistance {unknown}

Dungeon Overview and Level Annotations

Branches:
Dungeon (4/15)
 Temple: D:4-7

Altars:


Message History

An ufetubus comes into view.
The gnoll bouda barks out a call to the hunt!
The gnoll picks up the pace!
The gnoll closely misses you.
You barely miss the gnoll bouda.
The gnoll bouda is severely wounded.
You miss the kobold.
The ufetubus shouts!
You block the kobold's attack. The gnoll closely misses you.
The gnoll bouda mumbles some strange prayers to its god.
The gnoll bouda is healed somewhat.
The gnoll bouda hits you with a +0 whip.
The kobold hits you but does no damage.
The gnoll hits you from afar with a +0 halberd!
You barely miss the gnoll bouda.
The gnoll bouda is heavily wounded.
You closely miss the kobold. You block the kobold's attack.
The gnoll bouda gazes fiercely through you!
You feel as though you will be weak longer.
The gnoll bouda barely misses you. The gnoll closely misses you.
You slash the gnoll bouda!
The gnoll bouda is almost dead.
You closely miss the kobold. The kobold misses you.
The gnoll bouda hits you with a +0 whip.
The gnoll hits you but does no damage. You block the gnoll bouda's attack.
The gnoll completely misses you. The kobold barely misses you.
You barely miss the gnoll bouda.
The gnoll bouda is almost dead.
You slash the kobold!
You kill the kobold!
The gnoll bouda hits you but does no damage.
The gnoll hits you from afar with a +0 halberd.
The ufetubus misses you. The ufetubus barely misses you.
You barely miss the gnoll bouda.
The gnoll bouda is almost dead.
You barely miss the ufetubus. The ufetubus hits you.
You die...

.......................
....%....................
####.......####..........
#.......####..........
#.!...........###...[.
#.............###.....
#......#......#.......
#......#......#......<
###########..@g...#
####5...# .......g.......
......!........
K..g...........
g..............
.......?.......
...............
............#..


You could see a gnoll bouda, a gnoll (swift) and an ufetubus.

Vanquished Creatures
  A jelly (D:4)
  2 orc priests (D:3)
  2 iguanas
  4 orc wizards (D:3)
  8 gnolls
  An adder (D:3)
  A dart slug (D:4)
  16 orcs (D:3)
  7 ball pythons
  3 bats
  5 endoplasms
  A giant cockroach (D:3)
  5 hobgoblins
  6 quokkas
  5 frilled lizards
  8 goblins
  8 kobolds
  8 rats
91 creatures vanquished.

Notes
Turn   | Place    | Note
-------+----------+-------------------------------------------
     0 | D:1      | qw the Gargoyle Fighter began the quest for the Orb.
     0 | D:1      | Reached XP level 1. HP: 14/14 MP: 1/1
     0 | D:1      | 0 ||| qw: Version: 0.2-a-98-g270134b
     0 | D:1      | 0 ||| qw: Game counter: 8
     0 | D:1      | 0 ||| qw: Always use a shield: true
     0 | D:1      | 0 ||| qw: God list: Okawaru
     0 | D:1      | 0 ||| qw: Allow faded altars: false
     0 | D:1      | 0 ||| qw: Do Orc after D:15 true
     0 | D:1      | 0 ||| qw: Do second Lair branch before Depths: true
     0 | D:1      | 0 ||| qw: Lair rune preference: random
     0 | D:1      | 0 ||| qw: Plans: Normal, Zot:1-4, God:TSO, Crypt, Tomb,
                  | Pan, Slime:5, Hells, Abyss, Win
     0 | D:1      | 0 ||| PLANNING D:1-11
    98 | D:1      | Reached skill level 2 in Axes
   169 | D:1      | Reached XP level 2. HP: 12/19 MP: 2/2
   226 | D:1      | You fall into a shaft and drop 1 floor!
   281 | D:2      | 281 ||| UPGRADING to amulet of guardian spirit.
   286 | D:2      | 286 ||| UPGRADING to +5 ring of evasion.
   287 | D:2      | 287 ||| READING scroll labelled HINAUTI NEO.
   288 | D:2      | 288 ||| READING scroll labelled TAHYXTYRECH.
   289 | D:2      | 289 ||| READING scroll labelled ODOCLIGICO.
   290 | D:2      | 290 ||| READING scroll labelled JOEGIRCH UGOMA.
   357 | D:1      | Reached skill level 3 in Axes
   361 | D:1      | Reached XP level 3. HP: 23/23 MP: 3/3
   392 | D:1      | 392 ||| Stepping ~*~*~tactically~*~*~ (hiding).
   427 | D:1      | 427 ||| Stepping ~*~*~tactically~*~*~ (stealth).
   433 | D:1      | 433 ||| Stepping ~*~*~tactically~*~*~ (stealth).
   676 | D:1      | 676 ||| READING scroll labelled BUNOTEMAHE.
   677 | D:1      | 677 ||| READING scroll labelled OHE VYONKALIV.
   732 | D:2      | 732 ||| Stepping ~*~*~tactically~*~*~ (hiding).
   733 | D:2      | 733 ||| Stepping ~*~*~tactically~*~*~ (hiding).
   741 | D:2      | 741 ||| Stepping ~*~*~tactically~*~*~ (stealth).
   783 | D:2      | Reached XP level 4. HP: 9/28 MP: 1/4
   787 | D:2      | HP: 7/28 [gnoll/+0 spear (2)]
   790 | D:2      | Reached skill level 4 in Axes
   874 | D:2      | 874 ||| DROPPING +0 club.
   981 | D:2      | 981 ||| Stepping ~*~*~tactically~*~*~ (hiding).
  1255 | D:2      | 1255 ||| Stepping ~*~*~tactically~*~*~ (stealth).
  1262 | D:2      | 1262 ||| Stepping ~*~*~tactically~*~*~ (stealth).
  1494 | D:2      | 1494 ||| READING scroll labelled NIAG JOCHAUSM.
  1495 | D:2      | 1495 ||| READING 4 scrolls of identify.
  1495 | D:2      | 1495 ||| IDENTIFYING dark potion
  1496 | D:2      | 1496 ||| READING 3 scrolls of identify.
  1496 | D:2      | 1496 ||| IDENTIFYING fizzy clear potion
  1497 | D:2      | 1497 ||| READING 2 scrolls of identify.
  1497 | D:2      | 1497 ||| IDENTIFYING lumpy dark potion
  1498 | D:2      | 1498 ||| DROPPING potion of invisibility.
  1572 | D:3      | 1572 ||| SWAPPING to +0 broad axe.
  1574 | D:3      | 1574 ||| Stepping ~*~*~tactically~*~*~ (stealth).
  1575 | D:3      | 1575 ||| DROPPING +1 war axe.
  1581 | D:3      | 1581 ||| Stepping ~*~*~tactically~*~*~ (stealth).
  1583 | D:3      | 1583 ||| Stepping ~*~*~tactically~*~*~ (hiding).
  1590 | D:3      | Reached XP level 5. HP: 26/32 MP: 5/5
  1621 | D:3      | 1621 ||| UPGRADING to +0 chain mail.
  1627 | D:3      | 1627 ||| UPGRADING to +0 scale mail.
  1632 | D:3      | 1632 ||| UPGRADING to +0 chain mail.
  1642 | D:3      | 1642 ||| DROPPING +0 scale mail.
  1671 | D:3      | Reached skill level 5 in Axes
  1680 | D:3      | 1680 ||| Stepping ~*~*~tactically~*~*~ (stealth).
  1798 | D:3      | Reached XP level 6. HP: 29/38 MP: 4/6
  1853 | D:3      | 1853 ||| Stepping ~*~*~tactically~*~*~ (stealth).
  1899 | D:3      | 1899 ||| Stepping ~*~*~tactically~*~*~ (stealth).
  1906 | D:3      | 1906 ||| Stepping ~*~*~tactically~*~*~ (stealth).
  1921 | D:3      | 1921 ||| DROPPING +0 flail.
  2202 | D:3      | 2202 ||| Stepping ~*~*~tactically~*~*~ (stealth).
  2624 | D:3      | Found a faded altar of an unknown god.
  2656 | D:3      | 2656 ||| UPGRADING to +0 pair of boots.
  2679 | D:3      | 2679 ||| DRINKING 2 fizzy amethyst potions.
  2680 | D:3      | 2680 ||| READING 2 scrolls of identify.
  2680 | D:3      | 2680 ||| IDENTIFYING orange potion
  2681 | D:3      | 2681 ||| DROPPING potion of brilliance.
  2844 | D:4      | Reached skill level 6 in Axes
  2931 | D:4      | 2931 ||| Stepping ~*~*~tactically~*~*~ (hiding).
  2954 | D:4      | Reached skill level 1 in Dodging
  2958 | D:4      | HP: 5/38 [gnoll bouda/+0 whip (5)]
  2959 | D:4      | HP: 1/38 [gnoll/+0 halberd[a gnoll bouda] (5)]
  2960 | D:4      | Slain by an ufetubus

Levels and vault maps discovered:
D:1:      dpeg_chamrin_arrival_tetris, layout_rooms, kennysheep_crisscross,
          minmay_tiny_reverse_x
D:2:      layout_loops_ring, nicolae_grassy_gnolls
D:3:      layout_basic, ebering_ecumenical_altar_hall, glass_columns_c,
          kennysheep_generic_room_9
D:4:      layout_basic, minmay_ruined_shrine, uniq_sigmund

Skill      XL: |  1  2  3  4  5  6 |
---------------+-------------------+-----
Axes           | 2 3 4 5 6 |  6.0
Fighting       | 4 |  4.2
Dodging        | 1 |  1.0
Armour         | |  3.2
Shields        | |  3.2

Action                     |  1- 3 |  4- 6 || total
---------------------------+-------+-------++-------
  Melee: War axe           |    97 |    27 ||   124
         Broad axe         |       |   198 ||   198
    Use: Scroll            |     6 |     5 ||    11
         Potion            |       |     1 ||     1
 Armour: Scale mail        |    55 |    14 ||    69
         Chain mail        |       |    88 ||    88
  Dodge: Dodged            |    60 |   126 ||   186
  Block: Buckler           |    18 |    47 ||    65

Table legend:
 A = Non-vault XP
 B = Vault XP
 C = Vault XP percentage of total XP
 D = Non-vault monster count
 E = Vault monster count
 F = Vault count percentage of total count
                 A         B        C        D         E       F
            +---------+---------+-------+---------+---------+-------
      Total |     545 |      63 |  10.4 |      85 |       6 |   6.6
            +---------+---------+-------+---------+---------+-------
        D:1 |      35 |       4 |  10.3 |      20 |       2 |   9.1
        D:2 |      24 |      59 |  71.1 |      17 |       4 |  19.0
        D:3 |     340 |       0 |   0.0 |      38 |       0 |   0.0
        D:4 |     146 |       0 |   0.0 |      10 |       0 |   0.0
            +---------+---------+-------+---------+---------+-------
